Map: Triton LE

Players

Dear

  • Race: Protoss Protoss
  • League: Master
  • Spawn Location: 5:00

Ragnarok (SHIN) - Winner!

  • Race: Zerg Zerg
  • League: Grandmaster
  • Spawn Location: 11:00

VOD

Have the link to the VOD?

Description

Time

  • Played on: Jan. 16, 2020, 6:09 a.m.
  • Length: 9:08
Show
View Real Time Build Order
Export as new Build Order

Dear Protoss 

Build Orders: 1 Gate Expand, Mass Adepts, Zealot Archon 

Get SALT Encoding   

  12  0:00  Probe  
  13  0:12  Probe  
  14  0:18  Pylon  
  14  0:24  Probe  
  15  0:31  Assimilator  
  15  0:36  Probe (Chrono Boost)  
  16  0:44  Gateway  
  16  0:48  Probe (Chrono Boost)  
  17  0:53  Probe (Chrono Boost)  
  18  1:03  Probe  
  19  1:15  Probe  
  20  1:22  Nexus  
  20  1:32  Cybernetics Core  
  20  1:35  Probe  
  21  1:40  Assimilator  
  21  1:47  Probe  
  21  1:51  Pylon  
  22  1:59  Probe  
  23  2:06  Adept (Chrono Boost)  
  23  2:11  Probe  
  23  2:15  Warp Gate  
  26  2:23  Probe (Chrono Boost)  
  26  2:29  Twilight Council, Stalker  
  29  2:34  Probe (Chrono Boost)  
  29  2:36  Probe (Chrono Boost)  
  31  2:43  Probe (Chrono Boost)  
  33  2:44  Probe (Chrono Boost)  
  33  2:50  Probe  
  33  2:51  Robotics Facility  
  33  2:52  Probe  
  35  3:03  Probe, Resonating Glaives (Chrono Boost)  
  35  3:04  Probe  
  37  3:10  Gateway  
  37  3:16  Gateway  
  37  3:18  Probe  
  37  3:19  Probe  
  39  3:32  Gateway  
  39  3:33  Gateway  
  39  3:37  Warp Prism (Chrono Boost)  
  41  3:43  Pylon  
  41  3:44  Probe  
  41  3:46  Probe  
  43  3:53  Pylon  
  43  3:56  Probe  
  43  3:58  Probe  
  43  3:59  Assimilator  
  45  4:05  Pylon  
  45  4:07  Adept  
  45  4:08  Adept  
  45  4:09  Adept  
  51  4:15  Probe x2  
  53  4:30  Pylon  
  53  4:32  Adept x5  
  63  4:41  Pylon  
  63  4:58  Adept x5  
  69  5:06  Dark Shrine  
  59  5:19  Adept x5  
  65  5:21  Probe x2  
  65  5:23  Assimilator  
  65  5:27  Pylon  
  65  5:39  Adept x5  
  73  5:45  Probe  
  73  5:48  Immortal (Chrono Boost)  
  74  6:05  Adept x5  
  74  6:08  Pylon  
  84  6:14  Pylon  
  84  6:15  Pylon  
  80  6:30  Immortal (Chrono Boost)  
  80  6:31  Dark Templar  
  74  6:35  Dark Templar  
  74  6:36  Dark Templar  
  74  6:49  Forge  
  74  6:53  Probe  
  75  6:58  Archon, Immortal (Chrono Boost), Dark Templar x2  
  79  7:04  Archon  
  83  7:12  Sentry, Shield Battery  
  83  7:14  Shield Battery  
  85  7:30  Sentry  
  85  7:34  Charge (Chrono Boost), Nexus  
  85  7:36  Pylon  
  87  7:44  Gateway x2  
  87  7:45  Gateway  
  87  7:48  Sentry, Zealot x2  
  93  7:54  Zealot x2  
  97  7:59  Observer (Chrono Boost)  
  98  8:08  Sentry  
  98  8:09  Zealot  
  102  8:13  Zealot  
  102  8:14  Zealot x2  
  102  8:19  Pylon  
  108  8:44  Dark Templar x3, Zealot x3  
  108  8:45  Zealot x2  
  122  8:48  Archon  
Show
View Real Time Build Order
Export as new Build Order

Ragnarok Zerg - Winner!

Build Orders: Hatch First 

Get SALT Encoding   

  12  0:01  Drone  
  13  0:14  Overlord  
  13  0:17  Drone  
  14  0:32  Drone x2  
  16  0:47  Hatchery  
  15  0:51  Drone  
  15  0:55  Drone  
  17  0:59  Drone  
  18  1:09  Extractor  
  17  1:13  Spawning Pool  
  17  1:16  Drone  
  17  1:19  Drone  
  18  1:30  Drone  
  19  1:40  Drone  
  19  1:46  Hatchery  
  19  1:51  Drone  
  20  2:01  Queen  
  20  2:02  Drone  
  20  2:04  Zergling x2  
  24  2:13  Queen  
  26  2:18  Overlord  
  26  2:21  Drone  
  27  2:24  Zergling x2  
  28  2:37  Drone  
  28  2:38  Drone x2  
  28  2:39  Queen  
  33  2:44  Metabolic Boost  
  33  2:50  Drone x2  
  35  2:59  Queen  
  35  3:00  Drone  
  35  3:03  Overlord  
  35  3:04  Drone  
  39  3:07  Drone  
  39  3:09  Drone  
  39  3:11  Drone  
  42  3:22  Drone  
  42  3:23  Drone x5  
  48  3:33  Spore Crawler x2  
  46  3:34  Drone  
  46  3:36  Drone x2  
  46  3:37  Drone  
  50  3:41  Overlord  
  50  3:42  Overlord  
  50  3:50  Extractor, Roach Warren  
  50  3:51  Drone  
  50  3:53  Drone  
  50  3:56  Overlord  
  50  4:00  Drone x2  
  52  4:03  Drone  
  52  4:04  Drone x2  
  52  4:07  Lair  
  55  4:11  Spore Crawler  
  55  4:12  Drone x2  
  55  4:16  Zergling x6  
  59  4:21  Zergling x8  
  63  4:25  Overlord  
  63  4:31  Roach x3  
  70  4:34  Roach  
  72  4:42  Overlord  
  72  4:45  Roach x3  
  78  4:47  Zergling x2  
  78  4:48  Zergling x6  
  79  4:58  Zergling x14  
  76  5:09  Roach x4  
  76  5:10  Roach x2  
  83  5:18  Extractor  
  83  5:19  Extractor  
  80  5:21  Drone x2  
  80  5:23  Queen  
  80  5:24  Glial Reconstitution  
  80  5:28  Zergling x8  
  87  5:33  Zergling x4  
  87  5:38  Ravager  
  87  5:43  Zergling x4  
  89  5:55  Overlord  
  89  5:56  Overlord  
  89  5:57  Overlord  
  89  6:02  Overseer, Overlord  
  89  6:12  Overlord  
  89  6:14  Roach x7  
  89  6:15  Overseer  
  89  6:18  Roach x2  
  106  6:22  Roach x3  
  111  6:29  Roach x2  
  111  6:31  Roach x2  
  105  6:40  Drone x6  
  111  6:48  Drone x2  
  111  6:53  Drone x4  
  117  6:54  Spire  
  116  7:02  Drone  
  116  7:03  Drone x5  
  116  7:07  Extractor  
  116  7:08  Extractor  
  120  7:10  Zergling x6  
  123  7:26  Overlord  
  123  7:31  Overlord x3  
  123  7:35  Overlord  
  123  7:36  Overlord  
  123  7:51  Hatchery  
  122  7:59  Drone x3  
  122  8:00  Drone  
  122  8:04  Roach  
  122  8:05  Mutalisk x10  
  126  8:07  Roach  
  126  8:12  Roach x2, Evolution Chamber  
  150  8:15  Ravager  
  150  8:16  Zergling x2, Roach  
  150  8:19  Zergling x2, Roach  
  158  8:20  Zergling x2  
  158  8:22  Ravager  
  158  8:24  Ravager  
  159  8:30  Zergling x8, Roach  
  165  8:36  Ravager x2  
  165  8:39  Overlord  
  165  8:40  Zergling x2, Roach  
  170  8:42  Overlord  
  170  8:43  Overlord  
  170  8:45  Overlord  
Tags
 
Add a new tag
Caveats
  • Supply blocks, unpowered buildings, or Contaminate may cause inaccurate times.
  • Supply counts are checked every 10 seconds.